 Dungeon Crawl Stone Soup version 0.31-a0-187-gba352fbbf7 (webtiles) character file.

Game seed: 1871774374583482288

36 qw the Shooter (level 3, 0/20 HPs)
             Began as a Deep Elf Hunter on June 22, 2023.
             Succumbed to an adder's poison
             ... on level 2 of the Dungeon.
             The game lasted 00:00:18 (1071 turns).

qw the Shooter (Deep Elf Hunter)                    Turns: 1071, Time: 00:00:19

Health: 0/20       AC:  3    Str: 10    XL:     3   Next: 19%
Magic:  5/5        EV: 12    Int: 13    God:
Gold:   44         SH:  0    Dex: 18    Spells: 2/2 levels left

rFire   . . .        Y - +0 shortbow
rCold   . . .        (shield currently unavailable)
rNeg    . . .        c - +0 leather armour
rPois   .            (no helmet)
rElec   .            (no cloak)
rCorr   .            (no gloves)
SInv    .            (no boots)
Will    .....        i - amulet of faith
Stlth   ++           (no ring)
HPRegen 0.23/turn    (no ring)
MPRegen 0.09/turn

%: faith
@: lethally poisoned (0 -> -1)
A: no striking features
a: no special abilities


You were on level 2 of the Dungeon.
You visited 1 branch of the dungeon, and saw 2 of its levels.

You collected 44 gold pieces.


   Skills:
 - Level 1.5 Fighting
 + Level 6.8 Ranged Weapons
 - Level 2.4 Dodging
 - Level 1.2 Stealth


You had 2 spell levels left.
You didn't know any spells.
Your spell library was empty.

Inventory:

Hand Weapons
 Y - a +0 shortbow (weapon)
Armour
 c - a +0 leather armour (worn)
Jewellery
 i - an amulet of faith (around neck)
Scrolls
 a - a scroll of revelation {unknown}
Potions
 b - a potion of brilliance {unknown}
 f - 2 potions of curing {unknown}
 g - a potion of berserk rage {unknown}
 h - a potion of degeneration {unknown}
 k - a potion of might

Dungeon Overview and Level Annotations

Branches:
Dungeon (2/15)

Altars:


Message History

The adder poisons you!
You shoot an arrow. The arrow closely misses the adder.
You feel sick. The adder bites you but does no damage.
A giant cockroach comes into view.
The adder bites you.
You shoot an arrow. The arrow barely misses the adder.
You feel sick. The adder barely misses you.
You shoot an arrow. The arrow misses the adder.
You feel sick. The adder closely misses you.
The adder bites you but does no damage.
You shoot an arrow. The arrow closely misses the adder.
You feel sick. The adder closely misses you.
You shoot an arrow. The arrow closely misses the adder.
You feel sick.
You are no longer poisoned.
The adder bites you. The adder misses you.
You shoot an arrow. The arrow misses the adder.
The adder misses you.
You shoot an arrow. The arrow hits the adder.
The adder is heavily wounded.
The adder barely misses you. The adder bites you.
You are lethally poisoned!
The adder poisons you!
You shoot an arrow. The arrow hits the adder!
You kill the adder!
You feel sick.
You have reached level 3!
Your experience leads to an increase in your attributes!
Increase (S)trength, (I)ntelligence, or (D)exterity?
You feel stronger. x2
You shoot an arrow. The arrow hits the giant cockroach.
The giant cockroach is moderately wounded.
You feel sick.
The giant cockroach closely misses you. x2
You shoot an arrow.
The arrow barely misses the giant cockroach.
You feel sick.
The giant cockroach bites you but does no damage.
You shoot an arrow. The arrow hits the giant cockroach!
You kill the giant cockroach!
You die...

#..# ### .##
#..## ...#
..#######%..#
#... .:
.......#.#
#..# ..
######...#
#..# )# #..##
#..# .#
#..#####
#.###..##%#
#.......
#.......@.#
##.#####
#####...###
#.# #.#.# #.#
#.#.# #.#
#.#.# #.#####
#.#.# #......
#.#.# #.#####
##########.#.#
#.#
...........#.#
#.#####


There were no monsters in sight!

Vanquished Creatures
  2 adders (D:2)
  A giant cockroach (D:2)
  3 goblins
  A hobgoblin (D:1)
  2 jackals (D:2)
  A ball python (D:2)
  4 bats
  3 frilled lizards
  3 kobolds
  2 rats
22 creatures vanquished.

Notes
Turn   | Place    | Note
-------+----------+-------------------------------------------
     0 | D:1      | qw the Deep Elf Hunter began the quest for the Orb.
     0 | D:1      | Reached XP level 1. HP: 12/12 MP: 3/3
     0 | D:1      | 0 ||| qw: Version: 0.3-a-9-g12657ce
     0 | D:1      | 0 ||| qw: Game counter: 2236
     0 | D:1      | 0 ||| qw: Always use a shield: true
     0 | D:1      | 0 ||| qw: God list: Okawaru
     0 | D:1      | 0 ||| qw: Allow faded altars: false
     0 | D:1      | 0 ||| qw: Do Orc after D:15 true
     0 | D:1      | 0 ||| qw: Do second Lair branch before Depths: true
     0 | D:1      | 0 ||| qw: Lair rune preference: random
     0 | D:1      | 0 ||| qw: Plans: Normal
     0 | D:1      | 0 ||| PLANNING D:1-11
   553 | D:1      | Found a faded altar of an unknown god.
   663 | D:1      | Reached XP level 2. HP: 16/16 MP: 4/4
   744 | D:1      | 744 ||| UPGRADING to amulet of faith.
   749 | D:1      | 749 ||| READING scroll labelled JAONAR FEVEJOACU.
   750 | D:1      | 750 ||| READING scroll labelled YSAEHAIZAKH.
   751 | D:1      | 751 ||| READING scroll labelled QIEXKUFEYZO.
   752 | D:1      | 752 ||| READING scroll labelled OROCOZX VOMAIR.
   753 | D:1      | 753 ||| DRINKING 2 silvery potions.
   754 | D:1      | 754 ||| DROPPING scroll of butterflies.
   792 | D:2      | Reached skill level 6 in Ranged Weapons
  1067 | D:2      | HP: 3/16 [adder (2)]
  1069 | D:2      | Reached XP level 3. HP: 2/20 MP: 5/5
  1069 | D:2      | HP: 1/20 [poisoned by an adder]
  1071 | D:2      | Succumbed to an adder's poison

Levels and vault maps discovered:
D:1:      dpeg_arrival_rooms_c, layout_basic,
          shapermc_ecumenical_altar_flowoftime, minmay_unequal
D:2:      layout_loops_ring, serial_shops, shop, basic_altar,
          serial_bayou_lagoon_a, minmay_3d_cube, uniq_jessica

Skill      XL: |  1  2 |
---------------+-------+-----
Ranged Weapons | 6 |  6.8
Fighting       | |  1.5
Dodging        | |  2.4
Stealth        | |  1.2

Action                     || total
---------------------------++-------
   Fire: Shortbow          ||    55
    Use: Scroll            ||     4
         Potion            ||     1
 Armour: Leather armour    ||     6
  Dodge: Dodged            ||    15

Table legend:
 A = Non-vault XP
 B = Vault XP
 C = Vault XP percentage of total XP
 D = Non-vault monster count
 E = Vault monster count
 F = Vault count percentage of total count
                 A         B        C        D         E       F
            +---------+---------+-------+---------+---------+-------
      Total |      49 |       5 |   9.3 |      18 |       4 |  18.2
            +---------+---------+-------+---------+---------+-------
        D:1 |       9 |       3 |  25.0 |       7 |       2 |  22.2
        D:2 |      40 |       2 |   4.8 |      11 |       2 |  15.4
            +---------+---------+-------+---------+---------+-------
